 Dungeon Crawl Stone Soup version 0.29.0 (webtiles) character file.

Game seed: 3253038735701380487

368 tizbic2 the Trooper (level 6, -6/66 HPs)
             Began as an Ogre Hunter on Aug 24, 2022.
             Mangled by a gnoll
             ... wielding a +0 spear
             ... led by a gnoll bouda
              (8 damage)
             ... on level 4 of the Dungeon.
             The game lasted 00:15:11 (3208 turns).

tizbic2 the Trooper (Ogre Hunter)                   Turns: 3208, Time: 00:15:12

Health: -6/66      AC:  3    Str: 13    XL:     6   Next: 69%
Magic:  6/6        EV: 10    Int: 14    God:
Gold:   213        SH:  0    Dex: 13    Spells: 5/5 levels left

rFire   . . .      SeeInvis .   r - +3 flail of the Lame Duck {vorpal, rPois rC++ Str-2 Stlth+}
rCold   + + .      Faith    .   (no shield)
rNeg    . . .      Spirit   .   c - +0 robe
rPois   +          Reflect  .   (helmet restricted)
rElec   .          Harm     .   (no cloak)
rCorr   .          Rampage  .   (gloves unavailable)
Will    +....                   (boots unavailable)
Stlth   +++.......              (no amulet)
HPRegen 0.21/turn               (no ring)
MPRegen 0.10/turn               (no ring)

@: no status effects
A: large, unfitting armour, tough skin 1, clever 1, strong-willed 1
a: no special abilities


You were on level 4 of the Dungeon.
You visited 1 branch of the dungeon, and saw 4 of its levels.

You collected 213 gold pieces.

Inventory:

Hand Weapons
 a - a +3 shortbow
 k - a +0 giant club
 n - a +0 war axe
 r - the +3 flail of the Lame Duck (weapon) {vorpal, rPois rC++ Str-2 Stlth+}
   (You found it on level 3 of the Dungeon)

   It inflicts extra damage upon your enemies.
   Str:       It affects your strength (-2).
   rC:        It greatly protects you from cold.
   rPois:     It protects you from poison.
   Stlth:     It makes you more stealthy.
 t - a +2 trident of protection
Missiles
 i - 43 stones
 q - 6 poisoned darts
 u - 3 curare-tipped darts
Armour
 c - a +0 robe (worn)
Magical Staves
 h - a staff of fire
Scrolls
 b - a scroll of immolation
 d - a scroll of torment {unknown}
 e - 5 scrolls of teleportation
 p - a scroll of enchant armour {unknown}
 s - a scroll of magic mapping {unknown}
Potions
 f - 2 potions of berserk rage {unknown}
 g - a potion of flight
 j - 2 potions of degeneration {unknown}
 l - a potion of ambrosia {unknown}
 m - a potion of brilliance {unknown}
 o - a potion of experience {unknown}


   Skills:
 + Level 5.6 Fighting
 * Level 2.2 Maces & Flails
 + Level 4.4 Ranged Weapons
 - Level 0.1 Throwing
 - Level 1.7 Dodging
 - Level 0.9 Stealth
 + Level 0.9 Air Magic


You had 5 spell levels left.
You didn't know any spells.
Your spell library contained the following spells:

 Spells                   Type           Power      Damage    Failure   Level
 Shock                    Conj/Air       4%         1d3       24%         1
 Summon Lightning Spire   Summ/Air       1%         N/A       94%         4
 Lightning Bolt           Conj/Air       0%         1d11      100%        5
 Silence                  Hex/Air        0%         N/A       100%        5


Dungeon Overview and Level Annotations

Branches:
Dungeon (4/15)
 Temple: D:4-7

Altars:
Dithmenos
Nemelex Xobeh
Uskayaw
Vehumet
Wu Jian


Innate Abilities, Weirdness & Mutations

You are too large for most types of armour.
You have tough skin. (AC +1)
Your mind is acute. (Int +4, Str/Dex -1)
You are strong-willed. (Will+)


Message History

The gnoll picks up the pace!
The gnoll bouda hits you with a +0 whip.
You hit the gnoll bouda.
You kill the gnoll bouda!
The gnoll is no longer moving quickly.
You sock the gnoll!
The gnoll is heavily wounded.
The gnoll is no longer moving quickly.
The gnoll hits you with a +0 whip.
You hit the gnoll.
The gnoll is severely wounded.
The gnoll barely misses you. The gnoll hits you with a +0 whip!
You barely miss the gnoll.
The gnoll is severely wounded.
Your attacks no longer feel as feeble.
The gnoll closely misses you.
You sock the gnoll!
You kill the gnoll!
You hit the gnoll.
The gnoll is heavily wounded.
The gnoll hits you with a +0 club.
The gnoll hits you from afar with a +0 spear!
The gnoll closely misses you.
You hit the gnoll.
The gnoll is heavily wounded.
The gnoll hits you from afar with a +0 spear.
* * * LOW HITPOINT WARNING * * *
The gnoll hits you with a +0 club.
* * * LOW HITPOINT WARNING * * *
You closely miss the gnoll.
The gnoll is heavily wounded.
The gnoll hits you from afar with a +0 spear.
* * * LOW HITPOINT WARNING * * *
The gnoll hits you with a +0 club.
* * * LOW HITPOINT WARNING * * *
The gnoll hits you from afar with a +0 spear.
* * * LOW HITPOINT WARNING * * *
You thump the gnoll!
You kill the gnoll!
The gnoll hits you from afar with a +0 spear!
You die...

....#..#.....##.##...##.#
....'..#.....'#.#.8.8.#.#
#####..#........#..>..'.#
#..#......#.#.8.8.#.#
####......#.##...##.#
#......#.8#####8.#
#......##.. .##
#.......########
####........@)g..#
#.......#######'##
#.......# +......PP.
#.......# #.....P...
#.......# #####.Pg..
#########


.PP.P Pgg. ... .PP You could see a gnoll.

Vanquished Creatures
  An ogre (D:3)
  A necrophage (D:4)
  A gnoll bouda (D:4)
  6 gnolls
  4 adders
  4 river rats (D:3)
  A worm (D:2)
  2 dart slugs
  5 ball pythons
  6 endoplasms
  3 giant cockroaches
  9 hobgoblins
  A quokka (D:4)
  4 bats
  2 frilled lizards
  5 goblins
  11 kobolds
  10 rats
  A butterfly (D:4)
77 creatures vanquished.

Vanquished Creatures (others)
  3 plants (D:4)
3 creatures vanquished.

Grand Total: 80 creatures vanquished

Notes
Turn   | Place    | Note
-------+----------+-------------------------------------------
     0 | D:1      | tizbic2 the Ogre Hunter began the quest for the Orb.
     0 | D:1      | Reached XP level 1. HP: 22/22 MP: 1/1
   120 | D:1      | Reached skill level 3 in Fighting
   120 | D:1      | Reached XP level 2. HP: 31/31 MP: 2/2
   318 | D:1      | Reached XP level 3. HP: 37/37 MP: 3/3
   871 | D:2      | Reached skill level 4 in Fighting
   987 | D:2      | Reached XP level 4. HP: 48/48 MP: 4/4
  1066 | D:2      | Gained mutation: Your mind is acute. (Int +4, Str/Dex -1)
                  | [potion of mutation]
  1066 | D:2      | Gained mutation: You are strong-willed. (Will+) [potion of
                  | mutation]
  1716 | D:3      | Identified the +3 flail of the Lame Duck {vorpal, rPois
                  | rC++ Str-2 Stlth+}
  1936 | D:3      | Found a sparkling altar of Nemelex Xobeh.
  1940 | D:3      | Found a radiant altar of Vehumet.
  1940 | D:3      | Found a hide-covered altar of Uskayaw.
  1943 | D:3      | Found a shadowy altar of Dithmenos.
  1944 | D:3      | Found an ornate altar of the Wu Jian Council.
  2011 | D:3      | Noticed an ogre
  2022 | D:3      | Killed an ogre
  2023 | D:3      | Reached skill level 5 in Fighting
  2023 | D:3      | Reached XP level 5. HP: 8/57 MP: 5/5
  2421 | D:3      | Reached skill level 1 in Maces & Flails
  2441 | D:3      | Reached XP level 6. HP: 33/66 MP: 6/6
  2942 | D:4      | Got the Handbook of the Atmosphere
  3207 | D:4      | HP: 2/66 [gnoll/+0 spear[a gnoll bouda] (3)]
  3208 | D:4      | Mangled by a gnoll

Illustrated notes

Levels and vault maps discovered:
D:1:      lemuel_arrival_cross, layout_basic
D:2:      layout_loops_cross, chequers_garden, serial_bayou_pond_a
D:3:      layout_basic, minitemple, portal_sewer_entry_e
D:4:      layout_gridville, mainiacjoe_overflow_alcove_1,
          minmay_temple_entry_butterflies, grunt_ministairs_11,
          nicolae_grassy_gnolls

Skill      XL: |  1  2  3  4  5  6 |
---------------+-------------------+-----
Ranged Weapons | 3 4 |  4.4
Fighting       | 3 4 5 |  5.6
Maces & Flails | 1 2 |  2.2
Throwing       | |  0.1
Dodging        | |  1.7
Stealth        | |  0.9
Air Magic      | |  0.9

Action                   |  1- 3 |  4- 6 || total
-------------------------+-------+-------++-------
Melee: Club              |    12 |       ||    12
       Short sword       |     2 |       ||     2
       Flail             |       |    44 ||    44
       Trident           |       |    12 ||    12
 Fire: Shortbow          |    97 |    80 ||   177
Throw: Stone             |     5 |       ||     5
  Use: Scroll            |     1 |     5 ||     6
       Potion            |       |     1 ||     1
Armor: Robe              |    21 |    22 ||    43
Dodge: Dodged            |    39 |    55 ||    94
